 Dungeon Crawl Stone Soup version 0.29-a0-275-g389c0b56f3 (webtiles) character file.

Game seed: 7980851456886057075

66 sammy202020 the Skirmisher (level 3, -1/31 HPs)
             Began as a Palentonga Fighter on Mar 9, 2022.
             Slain by a hobgoblin
             ... wielding a +0 club
              (2 damage)
             ... on level 2 of the Dungeon.
             The game lasted 00:01:57 (1192 turns).

sammy202020 the Skirmisher (Palentonga Fighter)     Turns: 1192, Time: 00:01:58

Health: -1/31      AC:  7    Str: 19    XL:     3   Next: 96%
Magic:  3/3        EV:  7    Int: 10    God:
Gold:   77         SH:  4    Dex:  9    Spells: 2/2 levels left

rFire   . . .      SeeInvis +   n - +2 whip (venom)
rCold   . . .      Faith    .   c - +0 buckler
rNeg    . . .      Spirit   .   b - +0 scale mail
rPois   .          Reflect  .   (no helmet)
rElec   .          Harm     .   (no cloak)
rCorr   .          Rampage  .   j - +0 pair of gloves
Will    .....                   (no barding)
Stlth   ..........              (no amulet)
HPRegen 0.10/turn               (no ring)
MPRegen 0.08/turn               (no ring)

@: mighty
A: large, rugged brown scales 3, see invisible, deformed body, roll 1, armoured
tail
a: Rolling Charge


You were on level 2 of the Dungeon.
You visited 1 branch of the dungeon, and saw 2 of its levels.

You collected 77 gold pieces.

Inventory:

Hand Weapons
 a - a +0 flail
 n - a +2 whip of venom (weapon)
Armour
 b - a +0 scale mail (worn)
 c - a +0 buckler (worn)
 j - a +0 pair of gloves (worn)
Scrolls
 e - a scroll of amnesia {unknown}
 f - a scroll of immolation {unknown}
 h - 2 scrolls of identify {unknown}
 i - a scroll of brand weapon {unknown}
Potions
 g - a potion of degeneration {unknown}
 k - a potion of lignification {unknown}
 l - a potion of cancellation {unknown}
 m - a potion of mutation {unknown}


   Skills:
 * Level 3.5 Fighting
 * Level 2.6 Maces & Flails
 * Level 2.8 Armour
 + Level 0.6 Dodging
 * Level 2.8 Shields


You had 2 spell levels left.
You didn't know any spells.
Your spell library contained the following spells:

 Spells                   Type           Power      Damage    Failure   Level
 Sandblast                Erth           0%         2d4       80%         1
 Static Discharge         Conj/Air       0%         N/A       91%         2
 Lightning Bolt           Conj/Air       0%         1d11      100%        5
 Maxwell's Capacitive Co  Air            0%         ∞         100%        8


Dungeon Overview and Level Annotations

Branches:
Dungeon (2/15)

Altars:

Shops:
D:1 (   D:2 [(*


Innate Abilities, Weirdness & Mutations

You are completely covered in rugged brown scales. (AC +3, +7% HP)
You have supernaturally acute eyesight. (SInv)
Armour fits poorly on your strangely shaped body.
You can roll at nearby foes to attack.
You have a long armoured tail.


Message History

You block the kobold's attack.
You closely miss the adder.
Your tail-slap misses the adder.
The adder is heavily wounded.
The adder barely misses you. The hobgoblin hits you with a +0 club.
The kobold hits you with a +0 short sword.
You hit the adder.
Your tail-slap misses the adder.
The adder is heavily wounded.
You block the adder's attack. Jessica hits you with a +0 club.
The hobgoblin barely misses you. You block the kobold's attack.
You closely miss the adder.
Your tail-slap misses the adder.
The adder is heavily wounded.
The adder closely misses you. Jessica hits you with a +0 club.
The adder bites you but does no damage. Jessica casts a spell at you.
Pain shoots through your body! The hobgoblin barely misses you.
The kobold closely misses you.
You feel very mighty all of a sudden. You block Jessica's attack.
You block the adder's attack.
The hobgoblin hits you but does no damage.
The kobold hits you but does no damage.
You barely miss Jessica. You tail-slap Jessica!
Jessica is almost dead.
Jessica hits you with a +0 club.
* * * LOW HITPOINT WARNING * * *
The adder bites you but does no damage.
You closely miss Jessica.
Jessica is almost dead.
You block Jessica's attack. The adder bites you but does no damage.
The hobgoblin hits you but does no damage.
The kobold barely misses you. Jessica hits you with a +0 club.
* * * LOW HITPOINT WARNING * * *
The adder bites you but does no damage.
You whack Jessica!
You kill Jessica!
The kobold hits you but does no damage. The hobgoblin closely misses you.
The adder barely misses you.
You whack the adder!
You kill the adder!
The kobold hits you but does no damage. The hobgoblin hits you with a +0 club.
You die...

#.............
.##..#.##.#.. .....
#.P..#.##.# .....
.##^.#.##.# #.#.# ####
.#...#.##.#####.#.#.....
b#_^.#.##....##.#.#.....
.#.^....................
.##....#.......g.K......
#......#.......)@†#
.##...............#
#.....###.....##......
.##...# ##....##..###.#
......#######.##..#
##..#.........##...
#.#############.### #.#
#.. ..


You could see a hobgoblin and a kobold.

Vanquished Creatures
  Jessica (D:2)
  2 adders (D:2)
  A worm (D:2)
  A dart slug (D:1)
  An orc (D:2)
  4 ball pythons (D:1)
  2 endoplasms
  A giant cockroach (D:1)
  A goblin (D:1)
  A hobgoblin (D:1)
  5 bats
  3 kobolds (D:1)
  4 rats (D:1)
27 creatures vanquished.

Vanquished Creatures (others)
  A fungus (D:2)
  4 plants (D:2)
5 creatures vanquished.

Grand Total: 32 creatures vanquished

Notes
Turn   | Place    | Note
-------+----------+-------------------------------------------
     0 | D:1      | sammy202020 the Palentonga Fighter began the quest for the
                  | Orb.
     0 | D:1      | Reached XP level 1. HP: 19/19 MP: 1/1
   104 | D:1      | Found Fefott's Weapon Shop.
   231 | D:1      | Reached XP level 2. HP: 25/25 MP: 2/2
   870 | D:2      | Found Rosout's Weapon Shoppe.
   870 | D:2      | Found Dishra's Assorted Antiques.
   952 | D:2      | Found Vivvoet's Antique Armour Shop.
   958 | D:2      | Reached XP level 3. HP: 18/31 MP: 3/3
  1141 | D:2      | Found a faded altar of an unknown god.
  1152 | D:2      | Got Plato's Compendium of the Mountains
  1178 | D:2      | Noticed Jessica
  1190 | D:2      | HP: 1/31 [Jessica/+0 club (5)]
  1191 | D:2      | Killed Jessica
  1192 | D:2      | Slain by a hobgoblin

Illustrated notes

Levels and vault maps discovered:
D:1:      arrival_zaba_pyramid, layout_basic, serial_shops,
          nicolae_shop_bloodbath_and_beyond, chequers_serial_rivers_micro_a
D:2:      layout_loops_ring, serial_shops, nicolae_shop_overgrown_old_shop,
          nicolae_shop_stone, nicolae_shop_waterfront, shop,
          shapermc_ecumenical_altar_rom_forum, basic_altar, uniq_jessica

Action                   || total
-------------------------++-------
Melee: Flail             ||    66
       Tailslap          ||    11
       Whip              ||    15
  Use: Potion            ||     1
Armor: Scale mail        ||    58
Dodge: Dodged            ||    41
Block: Buckler           ||    27

Table legend: (Time is in decaauts)
 A = Elapsed time spent in this place.
 B = Non-inter-level travel time spent in this place.
 C = Inter-level travel time spent in this place.
 D = Time resting spent in this place.
 E = Time spent auto-exploring this place.
 F = Levels seen in this place.
 G = Mean time per level.
                   A        B        C        D        E       F      G
               +--------+--------+--------+--------+--------+-----+--------+
         Total |   1212 |   1203 |      9 |      0 |    978 |   2 |  606.0 |
       Dungeon |   1212 |   1203 |      9 |      0 |    978 |   2 |  606.0 |
               +--------+--------+--------+--------+--------+-----+--------+

Top non-repeatable levels by time:
     D:1: 884 daAuts
     D:2: 328 daAuts
